 Dungeon Crawl Stone Soup version 0.14-a0-1388-g200237c (webtiles) character file.

603 Psiweapon the Ruffian (level 6, -3/51 HPs)
             Began as a Draconian Transmuter on Dec 9, 2013.
             Was an Initiate of Sif Muna.
             Slain by a gnoll
             ... wielding a +0,+2 spear of dragon slaying
              (4 damage)
             ... on Level 5 of the Dungeon.
             The game lasted 00:20:44 (5478 turns).

Psiweapon the Ruffian (Draconian Transmuter)        Turns: 5478, Time: 00:20:44

HP  -3/51        AC  7     Str 13      XL: 6   Next: 39%
MP   8/10        EV 12     Int 14      God: Sif Muna [......]
Gold 240         SH  0     Dex 12      Spells:  2 memorised,  6 levels left

rFire  . . .     SeeInvis .     b - 44 arrows
rCold  + . .     Clarity  .     (armour unavailable)
rNeg   . . .     Conserve .     (no shield)
rPois  .         rCorr    .     (helmet restricted)
rElec  .         rRot     .     y - +0 cloak
SustAb . .       Spirit   .     (no gloves)
rMut   .         Warding  .     (no boots)
Gourm  +         Stasis   .     i - amulet of the gourmand
                                (no ring)
                                (no ring)

@: drained, slightly resistant to hostile enchantments, unstealthy
A: unfitting armour, cold resistance 1, AC +6
a: Renounce Religion


You were on level 5 of the Dungeon.
You worshipped Sif Muna.
Sif Muna was noncommittal.
You were very full.

You visited 1 branch of the dungeon, and saw 5 of its levels.
You also visited: Sewer.

You collected 240 gold pieces.

Inventory:

Hand weapons
 f - a +1,+1 short sword of speed
 k - a +1,+1 dagger of draining
 p - a +1,+1 whip of electrocution
 v - a +0,+2 short sword of protection
 B - a +4,+0 elven whip of freezing
Missiles
 b - 44 arrows (in hand)
 e - 2 tomahawks (quivered)
Armour
 y - a +0 cloak (worn)
Magical devices
 t - a wand of magic darts (3)
Comestibles
 a - 3 bread rations
 g - 13 sultanas
 q - 2 apricots
 z - a pear
 A - a meat ration
 D - a chunk of goblin flesh
 E - a chunk of giant cockroach flesh
 F - 2 chunks of orc flesh
 G - 4 chunks of jackal flesh
Scrolls
 c - 4 scrolls of fog {unknown}
 h - 4 scrolls of identify {unknown}
 j - 2 scrolls of random uselessness {unknown}
 n - 3 scrolls of blinking {unknown}
 o - 2 scrolls of recharging {unknown}
 r - a scroll of remove curse {unknown}
 u - a scroll of enchant weapon II {unknown}
 w - 2 scrolls of enchant armour {unknown}
 x - 2 scrolls of curse weapon {unknown}
Jewellery
 i - an amulet of the gourmand (around neck)
Potions
 l - 2 potions of magic
 m - 7 potions of curing
 s - 2 potions of heal wounds {unknown}
 C - a potion of mutation {unknown}
Books
 d - a book of Changes

   Spells                             Type                      Level
   *Beastly Appendage                 Transmutation                1
   *Sticks to Snakes                  Transmutation                2
   Spider Form                        Transmutation/Poison         3
   Ice Form                           Ice/Transmutation            4
   Blade Hands                        Transmutation                5


   Skills:
 - Level 3.3(2.2) Fighting
 + Level 3.4(2.3) Dodging
 + Level 4.6(3.5) Unarmed Combat
 - Level 2.0(1.0) Spellcasting
 + Level 3.7(2.6) Transmutations


You had 6 spell levels left.
You knew the following spells:

 Your Spells              Type           Power        Failure   Level  Hunger
a - Beastly Appendage     Trmt           #.....       12%         1    ##.....
b - Sticks to Snakes      Trmt           #.........   17%         2    ###....


Dungeon Overview and Level Annotations

Branches:
Dungeon (5/16)             Temple (0/1) D:4

Altars:
Ashenzari
Cheibriados
Fedhas
Okawaru
Sif Muna
Yredelemnul
the Shining One

Shops:
D:4 }

Annotations:
D:3 exclusion: door


Innate Abilities, Weirdness & Mutations

Your plain brown scales are hard (AC +6).
Your body does not fit into most forms of armour.
Your cold-blooded metabolism reacts poorly to cold.
Your flesh is cold resistant.


Message History

The jackal moves out of view.
Wield which item (- for none, * to show all)? (? for menu, Esc to quit)
Okay, then.
Things that are here:
an orc skeleton; an orcish mace; an orcish leather armour Wield which item (- for none, * to show all)? (? for menu, Esc to quit)
b - 45 arrows (in hand)
Casting: Beastly Appendage
Confirm with . or Enter, or press ? or * to list all spells.
You create a snake!
The gnoll hits you from afar with a spear of dragon slaying!
* * * LOW HITPOINT WARNING * * *
You convulse.
* * * LOW HITPOINT WARNING * * *
You swap places.
Your ball python closely misses the gnoll.
The gnoll hits you from afar with a spear of dragon slaying.
* * * LOW HITPOINT WARNING * * *
You convulse.
You die...

#############...........#
#..# # #........)..# #..#
# #.#.#.#.#.8.# #..# #
#####.###_#.# #..# #
##### #######.######..# .
#...# #..............# .
#######...#
#...######.....# .
...........####...#
#.....# . #.g.ggS@....#
#.....# #g#######...#
#.....# #.# #...# #.....#
#g# #...# #.....# #.#
#...# #.....# #g# #....
..... #g# #..... #.#
#..... #.. ...


You could see 4 gnolls and a friendly ball python.

Vanquished Creatures
  A big kobold (Sewer)
  A big fish (Sewer)
  A scorpion (D:3)
  A gnoll (D:5)
  2 green rats
  8 adders
  2 worms (D:2)
  5 grey rats
  2 giant geckos
  An ooze (D:3)
  4 orcs
  A ball python (D:3)
  8 giant cockroaches
  10 hobgoblins
  12 jackals
  19 kobolds
  3 quokkas
  8 bats
  6 giant newts
  12 goblins
  A kobold skeleton (D:4)
  13 rats
121 creatures vanquished.

Notes
Turn   | Place    | Note
--------------------------------------------------------------
     0 | D:1      | Psiweapon, the Draconian Transmuter, began the quest for the Orb.
     0 | D:1      | Reached XP level 1. HP: 16/16 MP: 3/3
   164 | D:1      | Reached XP level 2. HP: 15/23 MP: 2/4
  1263 | D:2      | Reached XP level 3. HP: 29/29 MP: 6/6
  1690 | D:2      | Found an iron altar of Okawaru.
  1955 | D:2      | Reached XP level 4. HP: 37/37 MP: 5/7
  2119 | D:3      | Reached skill level 4 in Unarmed Combat
  2441 | D:3      | Found a blossoming altar of Fedhas.
  2468 | D:3      | Found a glowing golden altar of the Shining One.
  2468 | D:3      | Found a shattered altar of Ashenzari.
  2961 | D:3      | Reached XP level 5. HP: 42/42 MP: 7/9
  3089 | D:3      | Gained mutation: Your flesh is cold resistant. [potion of beneficial mutation]
  3284 | D:3      | Found a glowing drain.
  3344 | Sewer    | Entered a sewer
  3954 | Sewer    | Reached XP level 6. HP: 39/51 MP: 10/10
  3985 | Sewer    | Found a white marble altar of Elyvilon.
  4042 | D:3      | Found a deep blue altar of Sif Muna.
  4068 | D:3      | Became a worshipper of Sif Muna the Loreminder
  4421 | D:4      | Found a staircase to the Ecumenical Temple.
  4490 | D:4      | Learned a level 2 spell: Sticks to Snakes
  4660 | D:4      | Found Oraipsas' Gadget Emporium.
  5131 | D:5      | Entered Level 5 of the Dungeon
  5353 | D:5      | Found a snail-covered altar of Cheibriados.
  5365 | D:5      | Found a basalt altar of Yredelemnul.
  5478 | D:5      | HP: 1/51 [gnoll/spear of dragon slaying (3)]
  5478 | D:5      | Slain by a gnoll

Action                   |  1- 3 |  4- 6 || total
-------------------------+-------+-------++-------
Melee: Unarmed           |   163 |   352 ||   515
Throw: Tomahawk          |     2 |     3 ||     5
 Cast: Beastly Appendage |    25 |    43 ||    68
       Sticks to Snakes  |       |     1 ||     1
Evoke: Wand              |       |    12 ||    12
  Use: Potion            |       |     4 ||     4
 Stab: Sleeping          |     3 |       ||     3
